 Dungeon Crawl Stone Soup version 0.21-a0-329-g12f17e1 (webtiles) character file.

68 vishdafish the Charmwright (level 4, 20/33 HPs)
             Began as a Demonspawn Skald on Oct 1, 2017.
             Was an Initiate of Okawaru.
             Quit the game on level 2 of the Dungeon.
             The game lasted 00:02:15 (1661 turns).

vishdafish the Charmwright (Demonspawn Skald)       Turns: 1661, Time: 00:02:16

Health: 20/33      AC:  6    Str: 11    XL:     4   Next: 1%
Magic:  7/7        EV: 12    Int: 16    God:    Okawaru [......]
Gold:   141        SH:  0    Dex: 12    Spells: 7/8 levels left

rFire    . . .     SeeInvis .   a - +0 spear
rCold    . . .     Gourm    .   (no shield)
rNeg     . . .     Faith    .   b - +0 leather armour
rPois    .         Spirit   .   (no helmet)
rElec    .         Reflect  .   (no cloak)
rCorr    .         Harm     .   g - +0 pair of gloves
MR       .....                  (no boots)
Stlth    +.........             (no amulet)
HPRegen  0.11/turn              (no ring)
MPRegen  0.10/turn              (no ring)

@: no status effects
A: thin metallic scales 1, demonic guardian 1, powered by pain 1
a: Renounce Religion


You were on level 2 of the Dungeon.
You worshipped Okawaru.
Okawaru was noncommittal.
You were hungry.

You visited 1 branch of the dungeon, and saw 2 of its levels.

You collected 141 gold pieces.

Inventory:

Hand Weapons
 a - a +0 spear (weapon)
Armour
 b - a +0 leather armour (worn)
 g - a +0 pair of gloves (worn)
Scrolls
 e - a scroll of magic mapping {unknown}
 h - a scroll of noise {unknown}
 j - a scroll of teleportation {unknown}
 l - a scroll of identify {unknown}
 m - 4 scrolls of blinking {unknown}
Potions
 i - a potion of flight {unknown}
Books
 c - a book of Battle

   Spells                             Type                      Level
   a - Infusion                       Charms                       1
   b - Shroud of Golubria             Charms/Translocation         2
   c - Song of Slaying                Charms                       2
   d - Spectral Weapon                Hexes/Charms                 3
   e - Regeneration                   Charms/Necromancy            3
Comestibles
 d - 2 bread rations
 f - a meat ration


   Skills:
 - Level 2.0 Fighting
 + Level 2.5 Polearms
 + Level 1.7 Armour
 - Level 2.1 Dodging
 + Level 2.5 Spellcasting
 - Level 3.0 Charms


You had 7 spell levels left.
You knew the following spells:

 Your Spells              Type           Power        Failure   Level  Hunger
a - Infusion              Chrm           ##..         8%          1    #......


Dungeon Overview and Level Annotations

Branches:
Dungeon (2/15)

Altars:
Okawaru
The Shining One


Innate Abilities, Weirdness & Mutations

You are partially covered in thin metallic scales. (AC +2)
A weak demonic guardian rushes to your aid.
You sometimes gain a little power by taking damage.


Message History

You are poisoned.
The adder poisons you! The adder bites you but does no damage.
You hit the adder.
You kill the adder!
Okawaru accepts your kill.
You have reached level 4!
You feel clever.
Your demonic ancestry asserts itself...
You feel the presence of a demonic guardian.
You feel sick.
You start resting.
You feel sick. x2
Magic restored.
You feel sick.
You start resting.
Your magical contamination has completely faded away.
You start resting.
You feel sick.
You are no longer poisoned.
You start resting.
You are feeling hungry.
Are you sure you want to abandon this character and quit the game? (Confirm with "yes".)

## #..# #.# .####..# #.#
#......# #### #.### .........
..## # #.... #####.### #... .#
#..## .## #.# #
#..###.#########..# ..###.#
#.##..#..............# #...#.#
#..............#####.## ###...#
#..@...###. #...† #.....#
#.###.## #. #..## ..##.##
###.###.# #. #..#
.###.#######.[.....# #<## #..#
###.............#######..####..#
.....#######...................#
####.# ##....######>....###.#
####.####. ....###.............#
.##....)........##.###.....#####


There were no monsters in sight!

Vanquished Creatures
  Jessica (D:2)
  An adder (D:2)
  A worm (D:2)
  2 leopard geckos
  4 bats
  4 goblins
  6 hobgoblins
  2 jackals (D:2)
  2 frilled lizards (D:2)
  3 kobolds
  2 rats
28 creatures vanquished.

Notes
Turn   | Place    | Note
-------+----------+-------------------------------------------
     0 | D:1      | vishdafish the Demonspawn Skald began the quest for the Orb.
     0 | D:1      | Reached XP level 1. HP: 16/16 MP: 3/3
    49 | D:1      | You fall through a shaft!
    58 | D:2      | Reached skill level 1 in Armour
   129 | D:2      | Noticed Jessica
   138 | D:1      | Gained mutation: You are partially covered in thin metallic scales. (AC +2) [demonic ancestry]
   138 | D:1      | Reached XP level 2. HP: 22/22 MP: 1/5
   622 | D:1      | Found an iron altar of Okawaru.
   632 | D:1      | Became a worshipper of Warmaster Okawaru
  1258 | D:2      | Killed Jessica
  1258 | D:2      | Reached skill level 3 in Charms
  1258 | D:2      | Gained mutation: You sometimes gain a little power by taking damage. [demonic ancestry]
  1258 | D:2      | Reached XP level 3. HP: 16/27 MP: 1/6
  1405 | D:2      | Found a glowing golden altar of the Shining One.
  1616 | D:2      | Gained mutation: A weak demonic guardian rushes to your aid. [demonic ancestry]
  1616 | D:2      | Reached XP level 4. HP: 20/33 MP: 5/7
  1661 | D:2      | Quit the game

Vault maps used:
D:1:      lemuel_arrival_rhombus, serial_park_tiny_2, grunt_decor_arrowhead,
          okawaru_ov_weapons_minmay
D:2:      tso_metal_star, uniq_jessica

Skill      XL: |  1  2 |
---------------+-------+-----
Armour         | 1 |  1.7
Polearms       | 2 |  2.5
Dodging        | 2 |  2.1
Charms         | 3 |  3.0
Fighting       | |  2.0
Spellcasting   | |  2.5

Action                   |  1- 3 |  4- 6 || total
-------------------------+-------+-------++-------
Melee: Spear             |    97 |       ||    97
 Cast: Infusion          |     6 |       ||     6
  Eat: Chunk             |     2 |       ||     2
Armor: Leather armour    |    23 |       ||    23
Dodge: Dodged            |    41 |       ||    41

Table legend:
 A = Spawn XP
 B = Non-spawn XP
 C = Spawn XP percentage of total XP
 D = Spawn monster count
 E = Non-spawn monster count
 F = Spawn count percentage of total count
 G = Total turns spent on level
                    A         B        C        D         E        F      G
               +---------+---------+-------+---------+---------+-------+---------
         Total |       0 |      98 |   0.0 |       0 |      28 |   0.0 |  1661
               +---------+---------+-------+---------+---------+-------+---------
           D:1 |       0 |      18 |   0.0 |       0 |       9 |   0.0 |  1158
           D:2 |       0 |      80 |   0.0 |       0 |      19 |   0.0 |   503
               +---------+---------+-------+---------+---------+-------+---------
